 Dungeon Crawl Stone Soup version 0.28-a0-474-g535839065c (webtiles) character file.

Game seed: 4744459287083273295

829 Squid the Chopper (level 7, -12/63 HPs)
             Began as a White Draconian Berserker on Sept 15, 2021.
             Was a Priest of Trog.
             Mangled by an ogre (15 damage)
             ... on level 5 of the Dungeon.
             The game lasted 00:19:40 (4747 turns).

Squid the Chopper (White Draconian Berserker)       Turns: 4747, Time: 00:19:41

Health: -12/63     AC:  9    Str: 17 (19) XL:     7   Next: 65%
Magic:  7/7        EV: 12    Int:  6 (8)  God:    Trog [***...]
Gold:   122        SH:  0    Dex:  9 (12) Spells: 6/6 levels left

rFire   . . .      SeeInvis +   a - +0 hand axe
rCold   + . .      Faith    .   (no shield)
rNeg    . . .      Spirit   .   (armour unavailable)
rPois   .          Reflect  .   (helmet restricted)
rElec   .          Harm     .   (no cloak)
rCorr   .          Rampage  +   (no gloves)
Will    .....                   e - +2 pair of boots {rampage}
Stlth   ++........              (no amulet)
HPRegen 0.20/turn               j - ring of see invisible
MPRegen 0.10/turn               u - +4 ring of slaying

@: mighty
A: breathe frost, AC +6, unfitting armour, cold resistance 1, cold-blooded
a: Breathe Frost, Renounce Religion, Berserk, Trog's Hand


You were on level 5 of the Dungeon.
You worshipped Trog.
Trog was most pleased with you.
You visited 1 branch of the dungeon, and saw 5 of its levels.

You collected 122 gold pieces.

Inventory:

Hand Weapons
 a - a +0 hand axe (weapon)
 s - a +0 mace
 t - a +0 rapier
Missiles
 f - 4 datura-tipped darts
 g - 90 stones
 i - 39 arrows
 o - 65 bolts
Armour
 e - a +2 pair of boots of rampaging (worn)
 p - a +0 chain mail
Jewellery
 j - a ring of see invisible (left hand)
 u - a +4 ring of slaying (right hand)
Wands
 n - a wand of polymorph (5)
Scrolls
 d - a scroll of identify
 l - 2 scrolls of enchant armour
 q - 2 scrolls of blinking {unknown}
 r - a scroll of fear {unknown}
Potions
 c - 3 potions of brilliance


   Skills:
 * Level 6.2 Fighting
 + Level 6.9 Axes
 - Level 3.0 Dodging
 + Level 2.7 Stealth
 + Level 0.2 Evocations


You had 6 spell levels left.
You didn't know any spells.
Your spell library was empty.

Dungeon Overview and Level Annotations

Branches:
Dungeon (5/15)
 Temple: D:4-7

Altars:
Kikubaaqudgha


Innate Abilities, Weirdness & Mutations

You can breathe waves of freezing cold which knock back foes.
Your icy white scales are hard. (AC +6)
You cannot fit into any form of body armour.
Your flesh is cold resistant. (rC+)
You are cold-blooded and may be slowed by cold attacks.


Message History

* * * LOW HITPOINT WARNING * * *
You feel sick. The water moccasin closely misses you.
Okay, then.
You slash the water moccasin!
You kill the water moccasin!
Trog accepts your kill.
You feel less invigorated.
You feel less confused.
You feel very sick.
You start resting.
You feel sick. x6
You have got your breath back.
You feel sick.
You are no longer poisoned.
You start resting.
You are starting to lose your buoyancy.
You start resting.
You float gracefully downwards.
You start resting.
An ogre comes into view. It is wielding a +0 giant spiked club.
An ogre is nearby!
An ogre is nearby!
An ogre is nearby!
An ogre is nearby!
An ogre is nearby!
An ogre is nearby!
An ogre is nearby!
The ogre shouts!
You see here a necrophage corpse.
You are too injured to fight recklessly!
You are too injured to fight recklessly!
You are too injured to fight recklessly!
You are too injured to fight recklessly!
You rampage towards the ogre!
You closely miss the ogre.
The ogre hits you with a +0 giant spiked club!
* * * LOW HITPOINT WARNING * * *
You hit the ogre. You tail-slap the ogre!
The ogre is heavily wounded.
The ogre hits you with a +0 giant spiked club!
You die...

###.###.....#.....#
. #.............#
#.######......# #.
#......# # #.####'#
###.## .. #..†.# .
#....# #..@.+
#..O.# #....#
#[...#
.####....#######
...............#
...............#
...............#
#..............#


You could see an ogre.

Vanquished Creatures
  Eustachio (D:5)
  A water moccasin (D:5)
  A necrophage (D:5)
  A phantom (D:5)
  2 scorpions
  A howler monkey (D:4)
  A hound (D:4)
  A jelly (D:4)
  2 orc wizards (D:5)
  3 gnolls (D:3)
  5 adders
  5 dart slugs
  8 orcs
  6 ball pythons
  3 bats (D:1)
  14 endoplasms
  3 giant cockroaches
  7 goblins
  6 hobgoblins
  3 jackals (D:4)
  8 quokkas
  A frilled lizard (D:3)
  5 kobolds
  4 rats
92 creatures vanquished.

Notes
Turn   | Place    | Note
-------+----------+-------------------------------------------
     0 | D:1      | Squid the Draconian Berserker began the quest for the Orb.
     0 | D:1      | Reached XP level 1. HP: 19/19 MP: 1/1
   326 | D:1      | Reached XP level 2. HP: 21/26 MP: 2/2
  1313 | D:2      | Found a faded altar of an unknown god.
  1420 | D:2      | Reached XP level 3. HP: 15/33 MP: 3/3
  1757 | D:2      | Reached ** piety under Trog
  2085 | D:2      | Identified a scroll of acquirement
  2085 | D:2      | Acquired a +2 pair of boots of rampaging
  2274 | D:2      | Reached XP level 4. HP: 40/40 MP: 4/4
  2669 | D:3      | Reached skill level 1 in Stealth
  3109 | D:3      | Reached XP level 5. HP: 47/47 MP: 5/5
  3362 | D:4      | Reached skill level 5 in Axes
  3488 | D:4      | Reached *** piety under Trog
  3499 | D:4      | Reached skill level 5 in Fighting
  3499 | D:4      | Reached XP level 6. HP: 56/56 MP: 6/6
  4113 | D:4      | Found an ancient bone altar of Kikubaaqudgha.
  4482 | D:5      | Entered Level 5 of the Dungeon
  4490 | D:5      | Noticed Eustachio
  4521 | D:5      | Killed Eustachio
  4575 | D:5      | Your scales start taking on an icy white colour.
  4575 | D:5      | Reached XP level 7. HP: 56/61 MP: 7/7
  4575 | D:5      | Gained mutation: Your flesh is cold resistant. (rC+) [White
                  | Draconian growth]
  4746 | D:5      | HP: 2/63 [ogre (14)]
  4747 | D:5      | Mangled by an ogre

Illustrated notes

Levels and vault maps discovered:
D:1:      dpeg_arrival_yet_another_circle, layout_loops_ring, st_stairs_7,
          minmay_misc_feat_doors, grunt_decor_fettered, minivault_23
D:2:      layout_basic, hellmonk_ecumenical_altar_slurped_away
D:3:      layout_loops_cross
D:4:      layout_layer_cave, mainiacjoe_overflow_24_doors
D:5:      layout_basic, kennysheep_little_box,
          beargit_hepliaklqana_dungeon_heroes, minmay_temple_entry_trees,
          uniq_eustachio

Skill      XL: |  1  2  3  4  5  6  7 |
---------------+----------------------+-----
Dodging        | 3 |  3.0
Fighting       | 4 5 6 |  6.2
Axes           | 4 5 6 |  6.9
Stealth        | 1 2 |  2.7
Evocations     | |  0.2

Action                   |  1- 3 |  4- 6 |  7- 9 || total
-------------------------+-------+-------+-------++-------
Melee: Hand axe          |    96 |   161 |    33 ||   290
       Tailslap          |    13 |    21 |     6 ||    40
Throw: Dart              |     1 |       |       ||     1
Invok: Berserk           |     1 |     5 |       ||     6
       Trog's Hand       |       |     2 |     1 ||     3
 Abil: Breathe Frost     |       |       |     2 ||     2
Evoke: Wand              |       |     3 |     1 ||     4
  Use: Scroll            |     3 |     4 |       ||     7
       Potion            |     1 |     3 |     4 ||     8
 Stab: Sleeping          |       |     4 |       ||     4
Armor: Skin              |    42 |    59 |    22 ||   123
Dodge: Dodged            |    79 |   121 |    21 ||   221

Table legend: (Time is in decaauts)
 A = Elapsed time spent in this place.
 B = Non-inter-level travel time spent in this place.
 C = Inter-level travel time spent in this place.
 D = Time resting spent in this place.
 E = Time spent auto-exploring this place.
 F = Levels seen in this place.
 G = Mean time per level.
                   A        B        C        D        E       F      G
               +--------+--------+--------+--------+--------+-----+--------+
         Total |   4828 |   4530 |    298 |    628 |   2033 |   5 |  965.6 |
       Dungeon |   4828 |   4530 |    298 |    628 |   2033 |   5 |  965.6 |
               +--------+--------+--------+--------+--------+-----+--------+

Top non-repeatable levels by time:
     D:1: 1326 daAuts
     D:2: 1202 daAuts
     D:4: 1148 daAuts
     D:3: 872 daAuts
     D:5: 279 daAuts
